 Dungeon Crawl Stone Soup version 0.17-a0-131-ga9cda9c (webtiles) character file.

18964 oplop the Spear-Bearer (level 12, -1/85 HPs)
             Began as a Merfolk Ice Elementalist on Mar 24, 2015.
             Was an Elder of Ashenzari.
             Slain by a black mamba (15 damage)
             ... summoned by a shadow trap
             ... triggered by a yak
             ... on level 6 of the Lair of Beasts.
             The game lasted 01:25:49 (18496 turns).

oplop the Spear-Bearer (Merfolk Ice Elementalist)  Turns: 18496, Time: 01:25:49

Health: -1/85      AC:  3    Str: 12    XL:     12   Next: 64%
Magic:  17/28      EV: 19    Int: 18    God:    Ashenzari [****..]
Gold:   938        SH:  7    Dex: 16    Spells: 8 memorised, 1 level left

rFire  + . .     SeeInvis +     Q - +2 trident (flame) (curse)
rCold  + . .     Clarity  +     a - +0 robe (curse)
rNeg   + . .     SustAb   .     A - +2 buckler {AC+3} (curse)
rPois  +         Gourm    .     I - -2 hat of the Alchemist {rElec rPois rF+ rC+ rN+ MR+ rMut rCorr} (curse)
rElec  +         Spirit   .     (no cloak)
rCorr  +         Warding  .     (no gloves)
rMut   +         Stasis   .     (no boots)
MR     +....                    (no amulet)
Stlth  ++........               f - +3 ring of slaying (curse)
                                l - +4 ring of strength (curse)

@: lethally poisoned (-1 -> -4), very slightly contaminated, invisible, somewhat
resistant to hostile enchantments, unstealthy
A: change form in water, swift swim
a: Scrying, Renounce Religion


You were on level 6 of the Lair of Beasts.
You worshipped Ashenzari.
Ashenzari was greatly pleased with you.
You were hungry.

You visited 3 branches of the dungeon, and saw 18 of its levels.
You also visited: Labyrinth.

You collected 938 gold pieces.

Inventory:

Hand weapons
 Q - a cursed +2 trident of flaming (weapon)
Armour
 a - a cursed +0 robe (worn)
 A - a cursed +2 buckler of protection (worn)
 I - the cursed -2 hat of the Alchemist (worn) {rElec rPois rF+ rC+ rN+ MR+ rMut rCorr}
   (You found it on level 1 of the Lair of Beasts)

   It protects you from fire.
   It protects you from cold.
   It insulates you from electricity.
   It protects you from poison.
   It protects you from negative energy.
   It affects your resistance to hostile enchantments.
   It protects you from acid and corrosion.
   It protects you from mutation.
   It has a curse placed upon it.
Magical staves
 P - an uncursed staff of death
 Z - an uncursed staff of fire
Rods
 X - a +2 rod of shadows (9/9)
   (You found it in a labyrinth)
Jewellery
 f - a cursed +3 ring of slaying (right hand)
 l - a cursed +4 ring of strength (left hand)
 t - an uncursed ring of sustain abilities
 F - an uncursed ring of see invisible
 T - an uncursed amulet of resist corrosion
Magical devices
 p - a wand of confusion (6)
 z - a wand of disintegration (14)
 C - a wand of paralysis (18)
 N - a wand of frost (31)
 R - a wand of invisibility (3)
 W - a wand of disintegration (10)
Scrolls
 b - a scroll of curse armour
 d - a scroll of curse jewellery
 g - 7 scrolls of identify
 i - 3 scrolls of curse weapon
 j - 2 scrolls of remove curse
 k - 3 scrolls of enchant weapon
 o - a scroll of amnesia
 s - 2 scrolls of teleportation
 E - 4 scrolls of magic mapping
 H - 3 scrolls of enchant armour
 J - 2 scrolls of fear
 O - 4 scrolls of fog
Potions
 e - 3 potions of agility
 h - 3 potions of curing
 n - a potion of heal wounds
 q - a potion of lignification
 u - 2 potions of resistance
 v - a potion of mutation {unknown}
 w - 3 potions of brilliance
 x - 4 potions of restore abilities
 B - a potion of cancellation {unknown}
 G - 2 potions of magic
 L - a potion of haste {unknown}
Books
 m - a Grand Grimoire {highlevel, unknown}

   This book is beyond your current level of understanding.

   Spells                             Type                      Level
   a - Aura of Abjuration             Summoning                    6
   b - Summon Greater Demon           Summoning                    7
   c - Malign Gateway                 Summoning/Translocation      7
   d - Summon Horrible Things         Summoning                    8
 r - a book of Annihilations {highlevel, unknown}

   This book is beyond your current level of understanding.

   Spells                             Type                      Level
   a - Poison Arrow                   Conjuration/Poison           6
   b - Chain Lightning                Conjuration/Air              8
   c - Lehudib's Crystal Spear        Conjuration/Earth            8
   d - Glaciate                       Conjuration/Ice              9
   e - Fire Storm                     Conjuration/Fire             9
 y - a book of Transfigurations

   Spells                             Type                      Level
   a - Stoneskin                      Transmutation/Earth          2
   b - Irradiate                      Conjuration/Transmutation    5
   c - Statue Form                    Transmutation/Earth          6
   d - Hydra Form                     Transmutation                6
   e - Dragon Form                    Transmutation                7
 D - a book of Dreams

   Spells                             Type                      Level
   a - Ensorcelled Hibernation        Hexes/Ice                    2
   b - Flight                         Charms/Air                   3
   c - Phase Shift                    Translocation                5
   d - Shadow Creatures               Summoning                    5
   e - Mass Confusion                 Hexes                        6
   f - Darkness                       Hexes                        7
 V - a book of Necromancy

   Spells                             Type                      Level
   a - Pain                           Necromancy                   1
   b - Animate Skeleton               Necromancy                   1
   c - Vampiric Draining              Necromancy                   3
   d - Regeneration                   Charms/Necromancy            3
   e - Animate Dead                   Necromancy                   4
   f - Control Undead                 Necromancy                   4
 Y - a book of Annihilations {highlevel, unknown}

   This book is beyond your current level of understanding.

   Spells                             Type                      Level
   a - Poison Arrow                   Conjuration/Poison           6
   b - Chain Lightning                Conjuration/Air              8
   c - Lehudib's Crystal Spear        Conjuration/Earth            8
   d - Glaciate                       Conjuration/Ice              9
   e - Fire Storm                     Conjuration/Fire             9
Miscellaneous
 K - a phial of floods
Comestibles
 c - 4 bread rations
 M - 19 fruits
 S - a slice of pizza
 U - 7 chunks of flesh


   Skills:
 + Level 4.8 Fighting
 - Level 12.5(15.6) Polearms
 + Level 10.1 Dodging
 - Level 2.1 Stealth
 - Level 2.2(4.0) Shields
 - Level 8.3 Spellcasting
 - Level 4.1(6.2) Conjurations
 - Level 7.5(9.9) Summonings
 - Level 11.3(13.4) Ice Magic


You had one spell level left.
You knew the following spells:

 Your Spells              Type           Power        Failure   Level  Hunger
a - Freeze                Ice            ####         1%          1    None
b - Throw Frost           Conj/Ice       #####.       1%          2    None
c - Ozocubu's Armour      Chrm/Ice       ####....     1%          3    None
d - Condensation Shield   Ice            ######....   1%          4    ###....
e - Throw Icicle          Conj/Ice       #####...     1%          4    ###....
f - Summon Ice Beast      Ice/Summ       #####...     1%          4    ###....
g - Flight                Chrm/Air       #.........   30%         3    None
h - Shadow Creatures      Summ           N/A          6%          5    #####..


Dungeon Overview and Level Annotations

Branches:
Dungeon (11/15)            Temple (1/1) D:5            Lair (6/8) D:8
 Shoals (0/5) Lair:5       Spider (0/5) Lair:3          Orc (0/4) D:10
  Slime: Lair:6-8

Altars:
Ashenzari
Cheibriados
Dithmenos
Elyvilon
Fedhas
Gozag
Kikubaaqudgha
Makhleb
Nemelex Xobeh
Okawaru
Qazlal
Ru
Sif Muna
Trog
Vehumet
Xom
Yredelemnul
Zin
The Shining One

Annotations:
D:3 xeno23's ghost, average MfIE
D:5 exclusion: door
D:6 Blork the orc; Pikel
D:9 exclusion: 2 doors
Lair:5 exclusion: hydra


Message History

You are very lightly contaminated with residual magic.
Evoking this partially-identified wand wasted a few charges.
You feel sick. The black mamba bites you!
* * * LOW HITPOINT WARNING * * *
The river rat bites the plant but does no damage.
The black mamba completely misses you.
Your ice beast is struck by the porcupine's spines.
Your ice beast barely misses the porcupine.
You feel sick. You block the black mamba's attack.
You feel sick. You block the black mamba's attack.
Your icy armour evaporates.
You feel sick. The black mamba completely misses you.
You feel sick.
You feel sick. The black mamba bites you.
* * * LOW HITPOINT WARNING * * *
You feel sick. You block the black mamba's attack.
You hear a grinding noise.
There is a stone staircase leading up here.
You feel sick. The black mamba bites you!
You die...

.......#.Y...Y.....##
........r{{.rr#....P##. *
#........{{.Bkr.##..(P., *
#.#.......{##F...#......*,
...P....(..#..tY........ ,
....................###*,
,*
,.......##............###*
, .#............S.......#
, * #..#.......S.@........
* ...P................. **
* ,..................., *
,.................. *** *
,................. * *, ,
,...............,,* * * ,
,, ...(........., * , , ,
, , .........,,*, , * ...
, * , ,,


You could see a boring beetle, a black mamba, a yak (wandering), a spiny frog, a
fire drake, a water moccasin (wandering), a crocodile, a porcupine and 2 river
rats.

Vanquished Creatures
  A hill giant (D:10)
  3 black mambas
  5 elephants
  6 spiny frogs
  4 komodo dragons
  A fire drake (Lair:5)
  A polar bear (Lair:2)
  A two-headed ogre (D:9)
  5 blink frogs
  A boulder beetle (Lair:3)
  A deep elf mage (D:9)
  4 yaks
  3 hippogriffs
  9 wolves
  A steam dragon (Lair:4)
  A mottled dragon (D:8)
  7 porcupines
  A warg (D:10)
  4 water moccasins
  2 phantoms
  3 ice beasts
  2 sky beasts
  2 black bears
  4 orc warriors
  2 ogres (D:9)
  3 centaurs
  5 crocodiles
  9 giant frogs
  A gnoll sergeant (D:7)
  7 scorpions
  2 killer bees (D:8)
  2 wights
  4 lava snakes (Lab)
  Dowan (D:8)
  4 crimson imps
  4 goliath beetles
  A jelly (D:5)
  2 giant frog skeletons
  4 orc priests
  7 hounds
  2 orc wizards
  A human skeleton (D:5)
  10 iguanas
  9 worker ants
  Ijyb (D:3)
  2 hound skeletons
  13 adders
  12 gnolls
  A river rat (Lair:3)
  A giant mite (Lair:3)
  2 shadow imps
  A worm (D:2)
  7 giant geckos
  An ooze (D:5)
  17 orcs
  2 bat zombies
  7 giant cockroaches
  12 hobgoblins
  16 kobolds
  16 quokkas
  13 bats
  7 giant newts
  A giant spore (D:3)
  12 goblins
  15 jackals
  2 quokka skeletons (D:4)
  A quokka zombie (D:9)
  16 rats
  A ballistomycete (D:3)
331 creatures vanquished.

Vanquished Creatures (collateral kills)
  Snorg (Lair:5)
  A minotaur (Lab)
  The ghost of Bikalo the Carver, an experienced TeBe of Trog (D:9)
  5 elephants
  A spiny frog (Lair:2)
  2 blink frogs
  A basilisk (Lair:5)
  A wyvern (Lair:4)
  5 yaks
  A hippogriff (Lair:5)
  5 wolves
  A water moccasin (Lair:4)
  An orc warrior (D:9)
  A porcupine (Lair:5)
  A sky beast (D:10)
  An ogre (D:10)
  A phantom (D:9)
  2 crocodiles
  Duvessa (D:8)
  A centaur (D:9)
  A giant frog (Lair:5)
  A gnoll sergeant (D:10)
  A jelly (D:10)
  5 wights
  A killer bee (D:8)
  A hound (Lair:3)
  2 orc priests (D:10)
  2 orc wizards
  A worker ant (D:9)
  4 adders
  3 gnolls (D:10)
  6 river rats (Lair:3)
  7 orcs
  A giant cockroach (Lair:3)
  A hobgoblin (D:10)
  A goblin (D:10)
  A plant (Lair:2)
73 creatures vanquished.

Vanquished Creatures (others)
  A basilisk (Lair:6)
  2 wolves (Lair:6)
  46 ice beasts
  A fungus (Lair:2)
50 creatures vanquished.

Grand Total: 454 creatures vanquished

Notes
Turn   | Place    | Note
--------------------------------------------------------------
     0 | D:1      | oplop, the Merfolk Ice Elementalist, began the quest for the Orb.
     0 | D:1      | Reached XP level 1. HP: 13/13 MP: 3/3
   146 | D:1      | Found a snail-covered altar of Cheibriados.
   252 | D:1      | Reached XP level 2. HP: 19/19 MP: 0/4
   544 | D:1      | Learned a level 2 spell: Throw Frost
   693 | D:1      | Reached XP level 3. HP: 24/24 MP: 1/6
   943 | D:2      | Reached skill level 4 in Ice Magic
  1248 | D:2      | Reached XP level 4. HP: 30/30 MP: 2/8
  1752 | D:3      | You fall through a shaft!
  1903 | D:3      | Reached XP level 5. HP: 33/35 MP: 6/11
  2059 | D:3      | Noticed Ijyb
  2096 | D:3      | Killed Ijyb
  2325 | D:3      | Noticed xeno23's ghost (average MfIE)
  2691 | D:4      | Reached XP level 6. HP: 32/41 MP: 1/13
  2878 | D:4      | Found a glowing golden altar of the Shining One.
  3067 | D:4      | Reached skill level 5 in Ice Magic
  3326 | D:4      | Learned a level 3 spell: Ozocubu's Armour
  3541 | D:4      | Reached skill level 5 in Dodging
  3703 | D:5      | Entered Level 5 of the Dungeon
  3731 | D:5      | Found a snail-covered altar of Cheibriados.
  3754 | D:5      | Reached XP level 7. HP: 38/46 MP: 11/17
  3857 | D:5      | Reached skill level 6 in Ice Magic
  4179 | D:5      | Found a staircase to the Ecumenical Temple.
  4190 | Temple   | Entered the Ecumenical Temple
  4474 | D:6      | Found a sparkling altar of Nemelex Xobeh.
  4480 | D:6      | Learned a level 4 spell: Condensation Shield
  4531 | D:6      | Found a glowing silver altar of Zin.
  4575 | D:6      | Found a shattered altar of Ashenzari.
  4577 | D:6      | Found an iron altar of Okawaru.
  4583 | D:6      | Became a worshipper of Ashenzari the Shackled
  4622 | D:6      | Reached skill level 7 in Ice Magic
  4775 | D:6      | Reached XP level 8. HP: 44/52 MP: 11/19
  4897 | D:6      | Reached skill level 5 in Spellcasting
  5180 | D:6      | Noticed Blork the orc
  5305 | D:6      | Noticed Pikel
  6260 | D:7      | Reached skill level 8 in Ice Magic
  6756 | D:7      | Reached XP level 9. HP: 50/57 MP: 11/22
  6821 | D:7      | Reached skill level 9 in Ice Magic
  6854 | D:7      | Learned a level 4 spell: Throw Icicle
  7421 | D:8      | Noticed Dowan
  7422 | D:8      | Noticed Duvessa
  7437 | D:8      | Killed Dowan
  7741 | D:8      | Learned a level 4 spell: Summon Ice Beast
  7768 | D:8      | Reached skill level 1 in Conjurations
  7826 | D:8      | Killed Duvessa
  9045 | D:8      | Found a staircase to the Lair.
  9058 | D:8      | Noticed a komodo dragon
  9083 | D:8      | Killed a komodo dragon
  9083 | D:8      | Reached skill level 10 in Ice Magic
  9426 | D:9      | Reached XP level 10. HP: 47/63 MP: 24/24
  9521 | D:9      | Reached skill level 1 in Summonings
  9714 | D:9      | Reached skill level 1 in Fighting
  9779 | D:9      | Noticed Bikalo's ghost (experienced TeBe)
  9978 | D:9      | Found a radiant altar of Vehumet.
  9979 | D:9      | Identified the +7 short sword of Disembowelment {freeze, MR- Dex+4}
 10168 | D:9      | Found a large runed door.
 10169 | D:9      | Found a large runed door.
 10557 | D:9      | Killed Bikalo's ghost
 10702 | D:9      | Noticed a centaur warrior
 10828 | D:10     | Entered Level 10 of the Dungeon
 10939 | D:10     | Found a staircase to the Orcish Mines.
 11210 | D:10     | Noticed a hill giant
 11237 | D:10     | Killed a hill giant
 12066 | D:10     | Reached skill level 11 in Ice Magic
 12102 | D:10     | HP: 3/70 [quokka (5)]
 12471 | D:9      | Noticed a mana viper
 12605 | Lair:1   | Entered Level 1 of the Lair of Beasts
 12661 | Lair:1   | Identified a scroll of acquirement
 12945 | Lair:1   | Reached skill level 1 in Shields
 13137 | Lair:1   | Reached XP level 11. HP: 48/75 MP: 7/27
 13988 | Lair:2   | Reached skill level 1 in Polearms
 14451 | Lair:2   | Acquired Ashenzari's first power
 14468 | Lair:2   | Reached skill level 5 in Polearms
 14954 | Lair:3   | Found a hole to the Spider Nest.
 15666 | Lair:3   | Reached skill level 10 in Polearms
 15666 | Lair:3   | Reached skill level 5 in Summonings
 16144 | Lair:4   | Reached XP level 12. HP: 72/83 MP: 13/28
 16173 | Lair:4   | Found a labyrinth entrance.
 16265 | Lab      | Entered a labyrinth
 16510 | Lab      | Acquired Ashenzari's second power
 16561 | Lab      | Noticed a minotaur
 16605 | Lab      | Killed a minotaur
 16605 | Lab      | Identified the +2 ring mail of the Princeling {Str-2 Dex+8 Stlth+} (You took it off a minotaur in a labyrinth)
 16605 | Lab      | Identified a +3 rod of ignition (11/11) (You took it off a minotaur in a labyrinth)
 16635 | Lab      | Identified a +2 rod of shadows (9/9)
 16635 | Lab      | Identified a +4 rod of destruction (13/13)
 17477 | Lair:5   | Reached skill level 12 in Polearms
 17565 | Lair:5   | Found a staircase to the Shoals.
 17569 | Lair:5   | Noticed a six-headed hydra
 17591 | Lair:5   | Noticed Snorg
 17598 | Lair:5   | Killed Snorg
 17932 | Lair:4   | Learned a level 3 spell: Flight
 17938 | Lair:4   | Learned a level 5 spell: Shadow Creatures
 18158 | Lair:5   | Acquired Ashenzari's third power
 18353 | Lair:5   | Reached skill level 10 in Dodging
 18496 | Lair:6   | Slain by a black mamba

Action                   |  1- 3 |  4- 6 |  7- 9 | 10-12 || total
-------------------------+-------+-------+-------+-------++-------
Melee: Unarmed           |    39 |    29 |       |       ||    68
       Dagger            |       |    16 |   452 |   212 ||   680
       Trident           |       |       |       |   375 ||   375
 Cast: Freeze            |    56 |    63 |    39 |    14 ||   172
       Throw Frost       |     8 |    30 |    41 |    13 ||    92
       Ozocubu's Armour  |       |     2 |    28 |    28 ||    58
       Condensation Shie |       |       |    27 |       ||    27
       Throw Icicle      |       |       |    11 |    59 ||    70
       Summon Ice Beast  |       |       |    10 |    94 ||   104
       Shadow Creatures  |       |       |       |     3 ||     3
Evoke: Wand              |       |       |     3 |     1 ||     4
  Use: Scroll            |     1 |     2 |     8 |    21 ||    32
       Potion            |       |     1 |     1 |     4 ||     6
 Stab: Sleeping          |       |       |     4 |     6 ||    10
       Paralysed         |       |       |     2 |       ||     2
       Distracted        |       |       |     1 |     5 ||     6
       Invisible         |       |       |       |     3 ||     3
  Eat: Fruit             |     5 |       |       |    17 ||    22
       Beef jerky        |       |     1 |     1 |     2 ||     4
       Chunk             |       |     2 |    11 |    16 ||    29
       Bread ration      |       |     1 |     2 |       ||     3
       Meat ration       |       |       |     2 |     2 ||     4
       Royal jelly       |       |       |       |     1 ||     1
